 Dungeon Crawl Stone Soup version 0.20.0-1-g1cb1d84 (webtiles) character file.

660 miragecloak the Insei (level 7, -6/43 HPs)
             Began as an Octopode Transmuter on May 26, 2017.
             Was an Initiate of Ashenzari.
             Mangled by a centaur (7 damage)
             ... on level 5 of the Dungeon.
             The game lasted 00:05:32 (5421 turns).

miragecloak the Insei (Octopode Transmuter)         Turns: 5421, Time: 00:05:33

Health: -6/43      AC:  2    Str: 10    XL:     7   Next: 56%
Magic:  6/10       EV: 20    Int: 15    God:    Ashenzari [......]
Gold:   226        SH:  0    Dex: 19    Spells: 6/10 levels left

rFire    . . .     SeeInvis .     - Unarmed
rCold    . . .     Gourm    .   (shield currently unavailable)
rNeg     . . .     Faith    .   (helmet currently unavailable)
rPois    x         Spirit   .   (no amulet)
rElec    .         Reflect  .   (no ring)
rCorr    .         Harm     .   (no ring)
MR       .....                  (no ring)
Stlth    ++........             (no ring)
Regen    0.2/turn               (no ring)
MPRegen  0.2/turn               (no ring)
                                (no ring)
                                (no ring)

@: spider-form
A: almost no armour, stealthy swim, (amphibious), 8 rings, (constrict 8)
a: End Transformation, Curse Item, Renounce Religion


You were on level 5 of the Dungeon.
You worshipped Ashenzari.
Ashenzari was noncommittal.
You were hungry.
You were a venomous arachnid creature.
You visited 2 branches of the dungeon, and saw 6 of its levels.

You collected 226 gold pieces.

Inventory:

Missiles
 a - 29 arrows
Jewellery
 m - an uncursed ring of fire
 t - an uncursed ring of protection from magic
Scrolls
 f - 2 scrolls of immolation {unknown}
 g - 3 scrolls of remove curse
 h - a scroll of teleportation {unknown}
 i - 3 scrolls of fear {unknown}
 j - 4 scrolls of amnesia {unknown}
 k - a scroll of enchant armour {unknown}
 l - a scroll of recharging {unknown}
 n - a scroll of magic mapping {unknown}
 o - a scroll of fog {unknown}
 r - a scroll of noise {unknown}
 s - 2 scrolls of identify {unknown}
Potions
 e - a potion of might {unknown}
 p - a potion of lignification {unknown}
 q - a potion of cancellation {unknown}
 v - a potion of heal wounds {unknown}
Books
 b - a book of Changes

   Spells                             Type                      Level
   a - Beastly Appendage              Transmutation                1
   b - Sticks to Snakes               Transmutation                2
   c - Spider Form                    Transmutation/Poison         3
   d - Ice Form                       Ice/Transmutation            4
   e - Blade Hands                    Transmutation                5
Comestibles
 c - 2 bread rations
 d - 2 royal jellies
 u - a meat ration


   Skills:
 - Level 1.0 Fighting
 - Level 2.0 Dodging
 + Level 6.1 Unarmed Combat
 - Level 2.0 Spellcasting
 - Level 4.0 Transmutations
 - Level 5.3 Poison Magic


You had 6 spell levels left.
You knew the following spells:

 Your Spells              Type           Power        Failure   Level  Hunger
a - Beastly Appendage     Tmut           ##....       13%         1    #......
b - Spider Form           Tmut/Pois      ###.......   24%         3    ###....


Dungeon Overview and Level Annotations

Branches:
Dungeon (5/15)             Temple (1/1) D:4

Altars:
Ashenzari
Dithmenos
Elyvilon
Makhleb
Nemelex Xobeh
Qazlal
Vehumet
Xom
Yredelemnul
The Shining One

Shops:
D:5 [

Annotations:
D:5 2 transporters


Innate Abilities, Weirdness & Mutations

You cannot wear most types of armour.
You are very stealthy in the water. (Stealth+)
((You are amphibious.))
You can wear up to eight rings at the same time.
((You can use your tentacles to constrict eight enemies at once.))
((Your skin changes colour to match your surroundings (Stealth+).))
((Your rubbery body absorbs attacks. (AC +1, EV +1)))


Message History

The centaur shoots an arrow.
The arrow completely misses you.
The centaur shoots an arrow.
The arrow hits you!
Your transformation has ended.
The centaur unwields an uncursed shortbow.
The centaur hits you!
Casting: Spider Form
Confirm with . or Enter, or press ? or * to list all spells.
You turn into a venomous arachnid creature.
The centaur hits you.
* * * LOW HITPOINT WARNING * * *
The centaur hits you!
* * * LOW HITPOINT WARNING * * *
The scorpion misses you.
You hit the centaur.
The centaur is lightly wounded.
The centaur completely misses you. The scorpion barely misses you.
You completely miss the centaur.
The centaur is lightly wounded.
The centaur hits you!
You die...

.. ##.# .. ...# ###.
##..# ... ...#
...##..#### #.
....... ##.###c.#
#....ss(# #(.###.##
..... #.# ..###..
##.# ##..##..######
.............##
##..###.###...#####
..................##
##.###..#########..#


You could see a centaur and a scorpion.

Vanquished Creatures
  The ghost of cereshysteria the Skirmisher, an amateur NaFi (D:3)
  A phantom (D:5)
  A howler monkey (D:4)
  2 crimson imps (D:3)
  2 orc priests (D:3)
  An iguana (D:4)
  An orc wizard (D:3)
  2 worker ants (D:4)
  2 hound skeletons
  5 adders
  A howler monkey skeleton (D:4)
  3 worms
  4 dart slugs
  3 leopard geckos
  10 orcs (D:3)
  2 bats
  2 giant cockroaches
  6 goblins
  6 hobgoblins
  3 jackals (D:1)
  A ball python (D:3)
  4 frilled lizards
  3 kobolds
  6 rats
72 creatures vanquished.

Vanquished Creatures (others)
  3 gnolls (D:4)
3 creatures vanquished.

Grand Total: 75 creatures vanquished

Notes
Turn   | Place    | Note
-------+----------+-------------------------------------------
     0 | D:1      | miragecloak the Octopode Transmuter began the quest for the Orb.
     0 | D:1      | Reached XP level 1. HP: 13/13 MP: 3/3
   234 | D:1      | Reached XP level 2. HP: 11/18 MP: 3/5
  1001 | D:2      | Reached XP level 3. HP: 20/23 MP: 4/6
  1034 | D:2      | Learned a level 3 spell: Spider Form
  1256 | D:3      | Reached skill level 1 in Poison Magic
  1256 | D:3      | Reached XP level 4. HP: 13/28 MP: 5/7
  1267 | D:3      | Noticed cereshysteria's ghost (amateur NaFi)
  1651 | D:2      | Found a glowing golden altar of the Shining One.
  2219 | D:3      | Reached XP level 5. HP: 20/33 MP: 2/8
  3362 | D:3      | Reached skill level 5 in Poison Magic
  3362 | D:3      | Reached XP level 6. HP: 21/38 MP: 4/9
  3829 | D:3      | Killed cereshysteria's ghost
  3829 | D:3      | Reached skill level 4 in Unarmed Combat
  4212 | D:4      | Reached XP level 7. HP: 34/43 MP: 6/10
  4258 | D:4      | Reached skill level 5 in Unarmed Combat
  4776 | D:4      | Found a staircase to the Ecumenical Temple.
  4785 | Temple   | Entered the Ecumenical Temple
  4827 | Temple   | Became a worshipper of Ashenzari the Shackled
  4907 | D:5      | Entered Level 5 of the Dungeon
  4938 | D:5      | Found Ynyedu's Armour Shop.
  5061 | D:5      | Reached skill level 6 in Unarmed Combat
  5377 | D:5      | Noticed a hungry ghost
  5381 | D:5      | Found a white marble altar of Elyvilon.
  5419 | D:5      | HP: 1/43 [centaur (10)]
  5421 | D:5      | Mangled by a centaur

Skill      XL: |  1  2  3  4  5  6  7 |
---------------+----------------------+-----
Transmutations | 3 4 |  4.0
Poison Magic   | 1 3 5 |  5.3
Unarmed Combat | 4 6 |  6.1
Fighting       | |  1.0
Dodging        | |  2.0
Spellcasting   | |  2.0

Action                   |  1- 3 |  4- 6 |  7- 9 || total
-------------------------+-------+-------+-------++-------
Melee: Unarmed           |    60 |   138 |    58 ||   256
       Kick              |    12 |       |       ||    12
       Tentacles         |    12 |     1 |     4 ||    17
       Constrict         |    17 |     3 |     1 ||    21
       Punch             |     1 |       |       ||     1
 Cast: Beastly Appendage |    19 |       |       ||    19
       Spider Form       |     1 |    31 |    11 ||    43
 Stab: Sleeping          |     3 |     2 |     1 ||     6
  Eat: Chunk             |     1 |    14 |     5 ||    20
Armor: Skin              |     5 |     7 |     3 ||    15
Dodge: Dodged            |    37 |   101 |    41 ||   179
